[Event "Late-Titled-Tuesday-Blitz-July-09-2024"]
[Site "Chess.com"]
[Date "2024.07.09"]
[Round "3"]
[White "secretworker2027"]
[Black "Tactrics"]
[Result "1-0"]
[WhiteElo "2704"]
[BlackElo "2904"]
[TimeControl "180+1"]
[EndTime "14:28:15 PDT"]
[Termination "secretworker2027 won by checkmate"]

1. e4 e6 2. d4 d5 3. e5 c5 4.
c3 Qb6 5. Nf3 Bd7 6. Be2 Bb5 7.
c4 Bxc4 8. Bxc4 dxc4 9. d5 Ne7 10. d6 Nd5 11. Nbd2 Qa6 12. O-O Nd7 13. Qe2 b5 14.
Ne4 h6 15. h4 g6 16. Be3 Qc6 17. a4 bxa4 18. Qxc4 N5b6 19. Qc2 Bg7 20. h5 O-O 21. Rfe1 Kh7 22. Bf4 Nd5 23. Bg3 N5b6 24. hxg6+ fxg6 25. Neg5+ hxg5 26. Nxg5+ Kh6 27. Nxe6 Rf5 28. Re4 Bxe5 29.
Rh4+ Rh5 30. Rxh5+ gxh5 31. Qf5 Qxd6 32. Qg5+ Kh7 33.
Qxh5+ Kg8 34. Qg6+ Kh8 35. Re1 Nf8 36. Bxe5+ Qxe5 37. Qh6+ Kg8 38. Rxe5 Nbd7 39. Qg7# 1-0

[Event "Late-Titled-Tuesday-Blitz-July-09-2024"]
[Site "Chess.com"]
[Date "2024.07.09"]
[Round "3"]
[White "JoJoZP"]
[Black "tjallkompall"]
[Result "0-1"]
[WhiteElo "2518"]
[BlackElo "2788"]
[TimeControl "180+1"]
[EndTime "14:28:17 PDT"]
[Termination "tjallkompall won on time"]

1. Nf3 c5 2. c4 Nf6 3. Nc3 Nc6 4. e3 e5 5. d4 e4 6. d5 exf3 7. dxc6 dxc6 8. Qxd8+ Kxd8 9. gxf3 g6 10. b3 Bg7 11.
Bb2 Kc7 12. Ne4 Nh5 13. Bxg7 Nxg7 14. Nxc5 Rd8 15. Rd1 Rxd1+ 16. Kxd1 a5 17. a3 b6 18. Ne4 Be6 19. Kc2 h6 20. Bd3 Nf5 21. Kc3 Rd8 22. Bc2 Nh4 23. f4 Bf5 24. c5 bxc5 25. Nxc5 Bxc2 26.
Kxc2 Nf3 27. Nd3 Kb6 28. h3 Rd5 29. a4 Rh5 30. Kd1 g5 31. Ke2 g4 32. f5 Rh4 33.
Nf4 Ng5 34. Kf1 gxh3 35. f6 Kc5 0-1

[Event "Late-Titled-Tuesday-Blitz-July-09-2024"]
[Site "Chess.com"]
[Date "2024.07.09"]
[Round "3"]
[White "Skatchkov_V"]
[Black "VladimirKramnik"]
[Result "0-1"]
[WhiteElo "2702"]
[BlackElo "2984"]
[TimeControl "180+1"]
[EndTime "14:28:18 PDT"]
[Termination "VladimirKramnik won by resignation"]

1. d4 Nf6 2. c4 e6 3. Nf3 d5 4.
g3 Bb4+ 5. Bd2 Bd6 6. Bg2 O-O 7. Qc2 Nc6 8. O-O h6 9. Bf4 Bxf4 10. gxf4 Ne7 11. Nc3 c6 12. e3 Nf5 13. Kh1 b5 14.
cxb5 cxb5 15. Nxb5 Ba6 16. a4 Qb6 17. Rfc1 Bxb5 18.
axb5 Qxb5 19. Ne5 a5 20. Ra2 Nd6 21. Bf1 Qb7 22. Qc7 Qb3 23. Raa1 Nde4 24. Qc2 Qb6 25. f3 Nd6 26. Bd3 Rfc8 27. Qd2 Rxc1+ 28. Qxc1 Rc8 29. Qd2 Nc4 30. Bxc4 dxc4 31. Ra4 c3 32. bxc3 Qb1+ 33. Kg2 Rb8 34. Ra2 a4 35. c4 a3 36.
Nd3 Rb3 37. Nc1 Rb2 38. Rxb2 Qxb2 39. Qf2 Qxc1 0-1

[Event "Late-Titled-Tuesday-Blitz-July-09-2024"]
[Site "Chess.com"]
[Date "2024.07.09"]
[Round "3"]
[White "c63_amg"]
[Black "FollowRivers"]
[Result "1-0"]
[WhiteElo "2776"]
[BlackElo "2486"]
[TimeControl "180+1"]
[EndTime "14:28:18 PDT"]
[Termination "c63_amg won by resignation"]

1. e4 c5 2. Nf3 d6 3. d4 cxd4 4. Qxd4 a6 5. Be3 Nc6 6. Qb6 Qxb6 7. Bxb6 Nf6 8. Nc3 g6 9. O-O-O Bg7 10. Nd5 Nxd5 11.
exd5 Ne5 12. Bd4 O-O 13. Nxe5 dxe5 14. Bc5 Re8 15. Kb1 Bf5 16. Bd3 e4 17. Be2 Rac8 18.
Be3 Red8 19. c4 h5 20. c5 Kh7 21. h3 h4 22. b4 Bh6 23. Kb2 a5 24. a3 axb4 25.
axb4 Bg7+ 26. Kb3 Ra8 27. c6 Rdb8 28. Bd4 e5 29. Bc5 bxc6 30. dxc6 Rc8 31. b5 Ra5 32.
Ra1 Be6+ 33. Kb4 Rxa1 34. Rxa1 f5 35. Ra7 Kh6 36. c7 f4 37. b6 Bd5 38. Ba6 e3 39.
fxe3 f3 40. gxf3 Rf8 41. c8=Q 1-0

[Event "Late-Titled-Tuesday-Blitz-July-09-2024"]
[Site "Chess.com"]
[Date "2024.07.09"]
[Round "3"]
[White "PattyCastillo"]
[Black "Cxrjs"]
[Result "1-0"]
[WhiteElo "1984"]
[BlackElo "2497"]
[TimeControl "180+1"]
[EndTime "14:28:18 PDT"]
[Termination "PattyCastillo won on time"]

1. d4 Nf6 2. Nf3 g6 3. Nc3 d5 4. Bf4 Bg7 5. e3 O-O 6. Be2 c5 7. Ne5 b6 8. h4 Nfd7 9. h5 Nxe5 10. Bxe5 f6 11. Bf4 g5 12. h6 Bh8 13. Bg3 Bb7 14. Bd3 e5 15. dxe5 fxe5 16. Qh5 c4 17. Be2 Bf6 18.
O-O-O b5 19. Bg4 d4 20. Be6+ Kh8 21. exd4 exd4 22. Rhe1 Qe8 23. Qxe8 Rxe8 24. Nxb5 Nc6 25. Nd6 Re7 26. Nxb7 Rxb7 27. Bd5 Rb6 28. Bxc4 Nb4 29. a3 Rc6 30. Bb3 Rac8 31. axb4 d3 32. Rxd3 g4 33.
Re6 Bg5+ 34. Kb1 Bxh6 35. Rxc6 Rxc6 36. Rd8+ Kg7 37. Rd7+ Kf8 38. Rd6 1-0

[Event "Late-Titled-Tuesday-Blitz-July-09-2024"]
[Site "Chess.com"]
[Date "2024.07.09"]
[Round "3"]
[White "cthake"]
[Black "protectiago"]
[Result "0-1"]
[WhiteElo "1814"]
[BlackElo "2174"]
[TimeControl "180+1"]
[EndTime "14:28:19 PDT"]
[Termination "protectiago won by resignation"]

1. c4 c5 2. Nc3 Nc6 3. g3 g6 4. Bg2 Bg7 5. d3 e5 6. e4 Nge7 7. Nge2 Nd4 8. h3 O-O 9. O-O Nec6 10. Be3 a6 11. Qd2 Rb8 12. f4 exf4 13. gxf4 b5 14. cxb5 axb5 15. Nd5 Ne7 16. Nxe7+ Qxe7 17. Nxd4 cxd4 18.
Bf2 d5 19. Rfe1 dxe4 20. Bxe4 Bxh3 21. Bxg6 Qd7 22. Be4 Qg4+ 23. Kh2 Qh5 24. Kg1 Kh8 25.
Bg3 Rg8 26. Qf2 Bf6 27. Bf3 Bg4 28. Bg2 Qg6 29. Be4 Qh5 30. Bg2 Rg7 31. Rac1 Rbg8 32. b4 Bh3 33. Rc5 Qh6 34. Kh2 Rxg3 35. Qxg3 Bxg2+ 36. Kxg2 Rxg3+ 37. Kxg3 Qh4+ 38. Kf3 Qxe1 39. Rc8+ Kg7 0-1

[Event "Late-Titled-Tuesday-Blitz-July-09-2024"]
[Site "Chess.com"]
[Date "2024.07.09"]
[Round "3"]
[White "MetiForce"]
[Black "CarlosjPineror"]
[Result "1-0"]
[WhiteElo "2896"]
[BlackElo "2677"]
[TimeControl "180+1"]
[EndTime "14:28:20 PDT"]
[Termination "MetiForce won by resignation"]

1. e4 c5 2. Nf3 e6 3. d4 cxd4 4. Nxd4 a6 5. Bd3 Qc7 6. O-O Nf6 7. Qe2 d6 8. c4 Be7 9. f4 Nbd7 10. Nc3 b6 11. Bc2 Bb7 12. f5 e5 13. Nf3 Rc8 14. Bd3 Nc5 15. Nd2 Nxd3 16. Qxd3 O-O 17. a4 Qc5+ 18.
Kh1 Qd4 19. Qf3 h5 20. h3 h4 21. Rd1 g6 22. b3 Qc5 23. Ba3 Qc7 24. Nd5 Bxd5 25. exd5 Qd7 26. Rf1 Qxf5 27. Qxf5 gxf5 28. Rxf5 Kg7 29. Raf1 Kg6 30. Bxd6 Nh5 31. Rxh5 Bxd6 32. Rhf5 f6 33. Ne4 Be7 34. d6 Bd8 35. Rxe5 Rf7 36. Re8 Rd7 37. Rxf6+ Bxf6 38. Rxc8 Bd4 39. Re8 Rf7 40.
g4 Rf3 41. d7 1-0

[Event "Late-Titled-Tuesday-Blitz-July-09-2024"]
[Site "Chess.com"]
[Date "2024.07.09"]
[Round "3"]
[White "oskariot"]
[Black "Fjal"]
[Result "1-0"]
[WhiteElo "2807"]
[BlackElo "2403"]
[TimeControl "180+1"]
[EndTime "14:28:20 PDT"]
[Termination "oskariot won by resignation"]

1. e4 d6 2. d4 g6 3. Nf3 Bg7 4.
Bc4 a6 5. Nc3 b5 6. Bb3 Bb7 7.
Bxf7+ Kxf7 8. Ng5+ Ke8 9. Ne6 Qd7 10. Nd5 Bxd5 11. exd5 Bf6 12. g4 c6 13. Qf3 h6 14. a4 b4 15. O-O cxd5 16. Qxd5 Nc6 17. Re1 Rc8 18. f4 Nxd4 19. Nxd4 Qxg4+ 20. Kh1 Bxd4 21. Qxd4 Rxc2 22. Qe4 Rf2 23. Be3 Nf6 24. Qc6+ Kf7 25. Bxf2 d5 26. Bg3 Rd8 27. Qc7 Rd7 28.
Qc2 h5 29. Qe2 Qh3 30. Qg2 Qf5 31. Re5 Qg4 32. Rae1 d4 33. h3 1-0

[Event "Late-Titled-Tuesday-Blitz-July-09-2024"]
[Site "Chess.com"]
[Date "2024.07.09"]
[Round "3"]
[White "aexmi"]
[Black "Kowarenai"]
[Result "0-1"]
[WhiteElo "2260"]
[BlackElo "2548"]
[TimeControl "180+1"]
[EndTime "14:28:20 PDT"]
[Termination "Kowarenai won on time"]

1. d4 Nf6 2. Bf4 d5 3. e3 c5 4. Nf3 Nc6 5. Nbd2 Bg4 6. c3 cxd4 7. exd4 e6 8. Qb3 Qc8 9. Bd3 Be7 10. h3 Bh5 11. O-O O-O 12. Ne5 Nxe5 13. Bxe5 a6 14. a4 Bg6 15. Bxg6 hxg6 16. a5 Nd7 17. Bg3 Qc6 18. Nf3 Qb5 19. Qxb5 axb5 20. b4 Ra6 21.
Rfc1 Rfa8 22. Nd2 Bg5 23. f4 Be7 24. Nb3 Nb8 25. f5 gxf5 26. Bxb8 Rxb8 27. Rab1 Ra7 28. Nd2 Kf8 29. Nf3 Bd6 30. Ne1 b6 31. axb6 Rxb6 32. Nd3 Rba6 33. Nc5 Ra2 34. Nb3 Ke7 35. Na5 Kd7 36.
Ra1 Rxa1 37. Rxa1 Rc7 38. Ra3 Ra7 39. Kf2 Bc7 40. Ke3 g5 41. Kd3 Kd6 42. Ra1 Bb6 43.
Nb3 Rxa1 44. Nxa1 f6 45. Nc2 e5 46. Na3 e4+ 47. Ke3 f4+ 48. Ke2 Kc6 49. Nc2 Bc7 50. Na3 f5 51. Nc2 Bd8 52. Ne1 g4 53. hxg4 fxg4 54.
Nc2 Bh4 55. Na3 f3+ 56. gxf3 gxf3+ 57. Kf1 e3 58. Nc2 e2+ 0-1

[Event "Late-Titled-Tuesday-Blitz-July-09-2024"]
[Site "Chess.com"]
[Date "2024.07.09"]
[Round "3"]
[White "legendisback1"]
[Black "AcostaPablo"]
[Result "1-0"]
[WhiteElo "3033"]
[BlackElo "2710"]
[TimeControl "180+1"]
[EndTime "14:28:21 PDT"]
[Termination "legendisback1 won by checkmate"]

1. d4 Nf6 2. Nc3 d5 3. Bf4 c6 4.
Nf3 Bf5 5. e3 Nbd7 6. Ne5 e6 7.
g4 Bg6 8. h4 Qb6 9. Rb1 Nxe5 10. dxe5 Nxg4 11. Qxg4 Bxc2 12. Qe2 Bxb1 13. Nxb1 Bb4+ 14.
Kd1 O-O-O 15. a3 Be7 16. Kc1 d4 17. Qc2 h6 18. Nd2 g5 19. Bg3 dxe3 20. Nc4 Qc5 21. fxe3 b5 22. Nd6+ Bxd6 23. exd6 Qxe3+ 24. Kb1 Kd7 25. Bg2 Rc8 26. Bf2 Qf4 27. Rf1 Qg4 28. Bxa7 f5 29. Bf3 Qc4 30. Qd1 b4 31. Be2 Qxh4 32. Bf2 Qe4+ 33. Bd3 Qd5 34. a4 g4 35. Qd2 f4 36. Rd1 Qf3 37. Bd4 Rhf8 38. Rf1 Qd5 39. Qxb4 Qxd6 40. Qc3 c5 41. Be5 Qd5 42. Rd1 Ke7 43.
Bc2 Qf3 44. Bd6+ Kf7 45. Qe5 Rfd8 46. Qh5+ Kg7 47. Qg6+ Kh8 48. Qh7# 1-0

[Event "Late-Titled-Tuesday-Blitz-July-09-2024"]
[Site "Chess.com"]
[Date "2024.07.09"]
[Round "3"]
[White "DeArron_Fox"]
[Black "LikeWater"]
[Result "0-1"]
[WhiteElo "2431"]
[BlackElo "2661"]
[TimeControl "180+1"]
[EndTime "14:28:21 PDT"]
[Termination "LikeWater won on time"]

1. d4 Nf6 2. c4 g6 3. Nc3 Bg7 4.
e4 O-O 5. f3 d6 6. Be3 c5 7. Nge2 Nc6 8. d5 Ne5 9. Ng3 e6 10. Be2 exd5 11. cxd5 h5 12. O-O h4 13.
Nh1 Nh7 14. Nf2 f5 15. f4 Nf7 16. Bd3 b5 17. Bxb5 Rb8 18. Qe2 Qb6 19. Rab1 fxe4 20.
Bc4 Bf5 21. Rfc1 Rfe8 22. b4 Qd8 23. bxc5 dxc5 24. Rxb8 Qxb8 25. Na4 Bd4 26. Nxc5 Bxe3 27. Qxe3 Nd6 28. Ne6 Rc8 29. Bb3 Nf6 30. Rxc8+ Qxc8 31. h3 Nb5 32. Qe1 Nc3 33. Ng4 Nfxd5 34. Nd4 Qc5 35. Kh2 Qxd4 36. Qxh4 Bxg4 37. Qxg4 Kg7 38. f5 Qe5+ 39. g3 Qxf5 40. Qh4 Qf2+ 41. Kh1 e3 42. Qd4+ Qf6 43. Qd3 e2 0-1

[Event "Late-Titled-Tuesday-Blitz-July-09-2024"]
[Site "Chess.com"]
[Date "2024.07.09"]
[Round "3"]
[White "hellokostya"]
[Black "NajdorfPlayerc5"]
[Result "1-0"]
[WhiteElo "2632"]
[BlackElo "2418"]
[TimeControl "180+1"]
[EndTime "14:28:21 PDT"]
[Termination "hellokostya won by checkmate"]

1. e4 c6 2. d4 d5 3. e5 Bf5 4. Nf3 e6 5. Be2 c5 6. O-O Nc6 7. Be3 cxd4 8. Nxd4 Nxd4 9. Bxd4 Ne7 10. c4 dxc4 11. Bxc4 Nc6 12. Bb5 Be7 13. Nc3 O-O 14. Bxc6 bxc6 15. Be3 Bb4 16. Qa4 Qa5 17. Qxa5 Bxa5 18.
Rac1 Bxc3 19. Rxc3 Be4 20. Bc5 Rfd8 21. Bd6 Bd5 22.
Ra3 Rd7 23. Ra4 Rb7 24. b3 h6 25. Rc1 Rc8 26. f4 g6 27. g3 h5 28. Kf2 Kg7 29.
Rc5 Ra8 30. h3 Rb5 31. Rc3 a5 32. Be7 Rc8 33. g4 hxg4 34. hxg4 Rh8 35. Bf6+ Kg8 36. Bxh8 Kxh8 37. Ke3 Kg7 38. Kd4 Kf8 39. Rc5 Rb4+ 40. Rxb4 axb4 41. Ra5 Ke7 42. Ra7+ Ke8 43. Kc5 Bf3 44.
Kd6 Kf8 45. g5 Be4 46. Kc5 Bb1 47. Kxb4 Be4 48. Kc5 Bd5 49. b4 Be4 50. a4 Bc2 51. a5 Be4 52. a6 Bd3 53. Ra8+ Kg7 54. a7 Ba6 55. Rb8 Bb7 56. Rxb7 Kh7 57. a8=Q Kg7 58. Qd8 Kh7 59. Rb8 Kg7 60. Qh8# 1-0

[Event "Late-Titled-Tuesday-Blitz-July-09-2024"]
[Site "Chess.com"]
[Date "2024.07.09"]
[Round "3"]
[White "Payyappat"]
[Black "Nbk90"]
[Result "1-0"]
[WhiteElo "2416"]
[BlackElo "2260"]
[TimeControl "180+1"]
[EndTime "14:28:21 PDT"]
[Termination "Payyappat won by checkmate"]

1. e4 e6 2. d4 d5 3. Nc3 Bb4 4. e5 c5 5. a3 Bxc3+ 6. bxc3 Ne7 7. Qg4 O-O 8. h4 Nbc6 9. Bd3 c4 10. Bf1 f5 11. Qf3 b5 12. Nh3 a5 13. Bd2 Bd7 14. Ng5 b4 15. Be2 b3 16. cxb3 cxb3 17. Rb1 a4 18.
Bb5 Nxd4 19. cxd4 Bxb5 20. Nxe6 Qb6 21. Nxf8 Rxf8 22. Bb4 Rf7 23. Bxe7 Rxe7 24. Qxd5+ Kf8 25. f4 Rd7 26. Qc5+ Qxc5 27. dxc5 Rc7 28. Rc1 Bd3 29. Kd2 Be4 30. Ke3 b2 31. Rb1 Bxb1 32. Rxb1 Rxc5 33.
Rxb2 Rc3+ 34. Kd4 Rxa3 35. Kd5 Kf7 36. h5 Rd3+ 37. Kc4 Rd7 38. Ra2 g6 39. h6 g5 40.
fxg5 Kg6 41. Rxa4 Re7 42. Kd5 Kxg5 43. Ra6 f4 44. Kd6 Re8 45. e6 Kg4 46. Kd7 Rb8 47. e7 Kg3 48. e8=Q Rxe8 49. Kxe8 Kxg2 50. Ra7 f3 51. Rxh7 f2 52. Rf7 f1=Q 53. Rxf1 Kxf1 54. h7 Kg2 55. h8=Q Kf2 56. Qd4+ Ke2 57. Ke7 Ke1 58. Ke6 Ke2 59. Ke5 Ke1 60. Ke4 Kf1 61. Qb2 Kg1 62. Kf3 Kf1 63. Qf2# 1-0

[Event "Late-Titled-Tuesday-Blitz-July-09-2024"]
[Site "Chess.com"]
[Date "2024.07.09"]
[Round "3"]
[White "1g60-1"]
[Black "krzyzan94"]
[Result "0-1"]
[WhiteElo "2470"]
[BlackElo "2750"]
[TimeControl "180+1"]
[EndTime "14:28:24 PDT"]
[Termination "krzyzan94 won by checkmate"]

1. e4 e5 2. Nf3 Nc6 3. Bb5 a6 4. Ba4 d6 5. c3 g6 6. O-O Bg7 7. h3 Bd7 8. Re1 Nf6 9. d4 b5 10. Bb3 O-O 11. a3 Qe7 12. Nbd2 h6 13. Nf1 Na5 14.
Bc2 c5 15. Ng3 c4 16. d5 Nb7 17. Be3 Kh7 18. Nh2 Rac8 19. a4 Nc5 20. axb5 Bxb5 21. Bxc5 Rxc5 22. Ba4 Rb8 23. Bxb5 Rcxb5 24. Rxa6 Rxb2 25. Nhf1 Nd7 26. Ra7 Qf6 27. Re2 Rb1 28.
Qa4 Nc5 29. Qxc4 h5 30. Re3 Bh6 31. Rf3 Bf4 32. Ne2 Rxf1+ 33. Kxf1 Rb1+ 34. Nc1 Rxc1+ 35. Ke2 Rc2+ 36. Kf1 h4 37. g3 hxg3 38. fxg3 g5 39. gxf4 gxf4 40. Qb5 Qg6 41. Rf2 Rxf2+ 42. Kxf2 Nxe4+ 43.
Kf3 Nxc3 44. Qe8 Qg3# 0-1

[Event "Late-Titled-Tuesday-Blitz-July-09-2024"]
[Site "Chess.com"]
[Date "2024.07.09"]
[Round "3"]
[White "Korchmar_Vasiliy"]
[Black "bancsoo"]
[Result "0-1"]
[WhiteElo "2624"]
[BlackElo "2849"]
[TimeControl "180+1"]
[EndTime "14:28:25 PDT"]
[Termination "bancsoo won on time"]

1. e4 d6 2. d4 e5 3. Nf3 exd4 4. Nxd4 Nf6 5. Nc3 Be7 6. g3 O-O 7. Bg2 Re8 8. O-O Bf8 9. h3 c6 10. a4 a5 11. Bf4 Na6 12. Nf5 Bxf5 13. exf5 d5 14.
g4 h6 15. Ne2 Bd6 16. Be3 Nc5 17. Nc3 Nce4 18. Nxe4 Nxe4 19. Qd3 Qf6 20. Rfd1 Bc5 21.
Bxc5 Nxc5 22. Qd4 Qxd4 23. Rxd4 Re2 24. Rc1 Rae8 25. Kf1 Kf8 26. Bf3 R2e5 27. Rcd1 Ke7 28. c3 g6 29. fxg6 fxg6 30. Kg2 Rf8 31. h4 Kd6 32.
Kg3 Nb3 33. Rf4 Rxf4 34. Kxf4 g5+ 35. hxg5 hxg5+ 36. Kg3 Nc5 37. Rd4 Ne6 38. Rd1 Nf4 39. Rh1 Kc5 40. Rh7 b6 41. Rg7 Nd3 42. Rg8 Nxb2 0-1

[Event "Late-Titled-Tuesday-Blitz-July-09-2024"]
[Site "Chess.com"]
[Date "2024.07.09"]
[Round "3"]
[White "Arystanner"]
[Black "AmbartsumianTyhran2012"]
[Result "0-1"]
[WhiteElo "2893"]
[BlackElo "2585"]
[TimeControl "180+1"]
[EndTime "14:28:25 PDT"]
[Termination "AmbartsumianTyhran2012 won by checkmate"]

1. d4 d5 2. Nf3 Nf6 3. c4 e6 4.
Nc3 Nbd7 5. cxd5 exd5 6. Bg5 c6 7. Qc2 Be7 8. e3 O-O 9. Bd3 h6 10. Bf4 Nh5 11. Be5 Nhf6 12. h3 Nxe5 13. Nxe5 Nd7 14.
f4 Bh4+ 15. Kd1 Nxe5 16. fxe5 f6 17. g3 Bg5 18. exf6 Qxf6 19. Qe2 Qf2 20. Qxf2 Rxf2 21. Ke1 Rxb2 22. h4 Bxe3 23. Nd1 Rd2 24. Be2 Bxd4 25. Kxd2 Bxa1 26. g4 Be5 27. Nf2 Bd7 28. Nd3 Bd6 29.
g5 hxg5 30. hxg5 Bf5 31. a4 b6 32. Rc1 c5 33. Bf3 Be4 34. Bg4 c4 35. Rf1 cxd3 36. g6 Re8 37. Bh5 Bb4+ 38. Kd1 d4 39. a5 Bd5 40.
Kc1 Bc3 41. axb6 axb6 42. Rf5 Re1+ 43. Bd1 Rxd1+ 44. Kxd1 Bb3+ 45. Kc1 d2+ 46. Kb1 d1=Q# 0-1

[Event "Late-Titled-Tuesday-Blitz-July-09-2024"]
[Site "Chess.com"]
[Date "2024.07.09"]
[Round "3"]
[White "Queensandpawns"]
[Black "Slovak_fighter2000"]
[Result "0-1"]
[WhiteElo "2313"]
[BlackElo "2557"]
[TimeControl "180+1"]
[EndTime "14:28:28 PDT"]
[Termination "Slovak_fighter2000 won by checkmate"]

1. e4 c5 2. Nf3 d6 3. c3 Nf6 4. h3 Bd7 5. Bd3 e6 6. Qe2 Nc6 7. O-O Be7 8. Bc2 O-O 9. d4 cxd4 10. cxd4 d5 11. e5 Ne4 12. Bxe4 dxe4 13. Qxe4 Nb4 14.
Nc3 Bc6 15. Qg4 Bxf3 16. gxf3 Kh8 17. Be3 Nd5 18. Kh1 Rc8 19. Rg1 Rg8 20. Ne4 Rc2 21.
Bg5 h6 22. Qh5 Kh7 23. Qxf7 Qe8 24. Qxe6 Qh5 25. Bxe7 Qxf3+ 26. Rg2 Qxe4 27. Rg1 Rxf2 28. Bh4 Rxg2 29. Rxg2 Qxg2+ 30. Kxg2 Nf4+ 31. Kf3 Nxe6 32.
Ke4 Kg6 33. d5 Nc5+ 34. Kd4 b6 35. d6 Kf5 36. Kd5 g5 37. Bf2 Ne6 38. d7 h5 39.
Kd6 g4 40. hxg4+ hxg4 41. Bh4 g3 42. Bxg3 Rxg3 43. b4 Rd3+ 44. Ke7 Kxe5 45. b5 Rh3 46. a4 Rh7+ 47. Ke8 Kd6 48. d8=Q+ Nxd8 49. a5 Rh8# 0-1

[Event "Late-Titled-Tuesday-Blitz-July-09-2024"]
[Site "Chess.com"]
[Date "2024.07.09"]
[Round "3"]
[White "ArchibaldCerveza29"]
[Black "Keaton87"]
[Result "0-1"]
[WhiteElo "2423"]
[BlackElo "2651"]
[TimeControl "180+1"]
[EndTime "14:28:29 PDT"]
[Termination "Keaton87 won on time"]

1. e4 c5 2. Nf3 d6 3. d4 Nf6 4. Nc3 cxd4 5. Nxd4 g6 6. Be3 Bg7 7. f3 O-O 8. Qd2 Nc6 9. O-O-O Nxd4 10. Bxd4 Be6 11.
Kb1 Qc7 12. h4 Rfc8 13. h5 Qa5 14. hxg6 fxg6 15. a3 Rab8 16. Bd3 Bf7 17. g4 b5 18. g5 Nh5 19. Bxg7 Kxg7 20. f4 b4 21. Nd5 Qa4 22.
axb4 e6 23. Nf6 e5 24. Nd5 Nxf4 25. Rdf1 Bxd5 26. exd5 Qxb4 27. Qxb4 Rxb4 28. c3 Rb7 29. Rf3 Rf8 30. Kc2 Nxd3 31. Rxf8 Nb4+ 32. cxb4 Kxf8 33.
Rf1+ Kg7 34. Rf6 Rd7 35. Rf3 h6 36. gxh6+ Kxh6 37. Kc3 g5 38. Kc4 Kh5 39. Kb5 g4 40. Rf6 g3 41. Kc6 g2 42. Kxd7 g1=Q 43. Kxd6 e4 44. Re6 Qd4 45. Kc6 Qc4+ 0-1

[Event "Late-Titled-Tuesday-Blitz-July-09-2024"]
[Site "Chess.com"]
[Date "2024.07.09"]
[Round "3"]
[White "axlbvRR"]
[Black "Nemsko"]
[Result "1-0"]
[WhiteElo "1950"]
[BlackElo "2318"]
[TimeControl "180+1"]
[EndTime "14:28:29 PDT"]
[Termination "axlbvRR won by resignation"]

1. d4 Nf6 2. Nf3 e6 3. Bf4 d5 4. e3 Bd6 5. Bg3 c5 6. c3 Nc6 7. Bd3 Qe7 8. Ne5 Bd7 9. Nd2 c4 10. Bc2 O-O 11. f4 h6 12. Bh4 Be8 13. O-O Qd8 14. Qf3 Be7 15. Bf2 Nd7 16. e4 f6 17.
Ng4 dxe4 18. Qxe4 f5 19. Qxe6+ Rf7 20. Bxf5 Nf8 21. Qe4 Bd7 22. Bxd7 Qxd7 23. Ne5 Nxe5 24. fxe5 Qf5 25. Qxb7 Rd8 26. Qe4 Qh5 27. Nf3 Ne6 28. d5 Ng5 29. Nxg5 Bxg5 30. Bg3 Rb7 31. Rab1 Qe8 32. e6 Qb5 33. d6 Qb6+ 34. Kh1 Rxd6 35. Bxd6 Qxd6 36. Rbd1 Qe7 37. Qxc4 Rxb2 38. Rd7 Qe8 39. e7+ Kh7 40. Qe4+ Qg6 41. Qxg6+ Kxg6 42. e8=Q+ 1-0

[Event "Late-Titled-Tuesday-Blitz-July-09-2024"]
[Site "Chess.com"]
[Date "2024.07.09"]
[Round "3"]
[White "Bob_2004"]
[Black "Kirill_Klukin"]
[Result "0-1"]
[WhiteElo "2700"]
[BlackElo "2940"]
[TimeControl "180+1"]
[EndTime "14:28:30 PDT"]
[Termination "Kirill_Klukin won by resignation"]

1. d4 Nf6 2. c4 Nc6 3. Nc3 e6 4. a3 d6 5. Nf3 g6 6. Bg5 Bg7 7.
e3 O-O 8. Be2 b6 9. O-O Bb7 10.
Qc2 Ne7 11. Rac1 h6 12. Bh4 Nf5 13. Bxf6 Qxf6 14. Rfd1 Nh4 15. Ne4 Qe7 16. c5 bxc5 17. dxc5 Bxe4 18. Qxe4 Nxf3+ 19. Bxf3 Bxb2 20. Rb1 Rab8 21. Qa4 d5 22. Qxa7 Ra8 23. Qb7 Bxa3 24. c6 Bd6 25. Rd2 Qf6 26. Be2 Ra3 27. g3 Rfa8 28. Rbd1 Kg7 29. Kg2 h5 30. h4 Qe5 31.
Bf1 R8a4 32. Qb2 Qxb2 33. Rxb2 Rc3 34. Bb5 Ra5 35. Rdb1 Rc5 36. Kf3 Kf6 37. Ke2 Be5 38. Rb3 Ra2+ 39. Kf3 Rcc2 40. Rf1 Ke7 41. Bd3 Rxc6 42. Rb8 Ra3 43. Be2 Bd6 44. Kg2 Rc2 45. Bd3 Rxd3 0-1

[Event "Late-Titled-Tuesday-Blitz-July-09-2024"]
[Site "Chess.com"]
[Date "2024.07.09"]
[Round "3"]
[White "RodriQA"]
[Black "rhungaski"]
[Result "1-0"]
[WhiteElo "2443"]
[BlackElo "2628"]
[TimeControl "180+1"]
[EndTime "14:28:30 PDT"]
[Termination "RodriQA won on time"]

1. b4 Nf6 2. Nf3 g6 3. Bb2 Bg7 4. c4 O-O 5. e3 d6 6. d4 Nbd7 7.
Nbd2 e5 8. dxe5 Ng4 9. Be2 Ngxe5 10. Qb3 a5 11. Nxe5 dxe5 12. a3 axb4 13. axb4 Rxa1+ 14. Bxa1 Qe7 15. O-O f5 16. c5+ Kh8 17. Nc4 Re8 18. Na5 Nf6 19. Bf3 c6 20. Qc2 e4 21. Be2 Nd5 22.
Bxg7+ Qxg7 23. b5 f4 24. bxc6 bxc6 25. exf4 e3 26. Bf3 Bf5 27. Qc1 exf2+ 28. Kh1 Bd3 29. Rxf2 Nxf4 30. Nxc6 g5 31. g3 Ne2 32. Qd2 Bb5 33.
Nb4 Qa1+ 34. Kg2 Qg1+ 35. Kh3 1-0

[Event "Late-Titled-Tuesday-Blitz-July-09-2024"]
[Site "Chess.com"]
[Date "2024.07.09"]
[Round "3"]
[White "FuenfgegenWilly"]
[Black "Seppppppy"]
[Result "0-1"]
[WhiteElo "2538"]
[BlackElo "2297"]
[TimeControl "180+1"]
[EndTime "14:28:30 PDT"]
[Termination "Seppppppy won by checkmate"]

1. Nf3 Nf6 2. b3 g6 3. Bb2 Bg7 4. g3 O-O 5. Bg2 b6 6. Ne5 c6 7. c4 Bb7 8. O-O Qc7 9. d4 d6 10. Nd3 c5 11. Bxb7 Qxb7 12. d5 Ne8 13. Qc1 Nd7 14.
e4 e5 15. dxe6 fxe6 16. Nd2 Nef6 17. f3 d5 18. e5 Ne8 19. f4 d4 20. Qe1 b5 21. cxb5 Qxb5 22. Nc4 Nb6 23. Rc1 Nd5 24. Qe4 Rc8 25. Ba3 Nc3 26. Qg2 Qc6 27. Bxc5 Qxg2+ 28. Kxg2 Nxa2 29. Ra1 Nc3 30. Rxa7 Nc7 31. Bxf8 Bxf8 32.
Nb6 Rb8 33. Nd7 Rc8 34. Nxf8 Kxf8 35. b4 N7d5 36. Rxh7 Ne3+ 37. Kg1 Ne2+ 38. Kf2 Rc2 39. Re1 Nxf4+ 40. Kg1 Nxd3 41. Ra1 Rg2+ 42. Kh1 Nf2# 0-1

[Event "Late-Titled-Tuesday-Blitz-July-09-2024"]
[Site "Chess.com"]
[Date "2024.07.09"]
[Round "3"]
[White "pooh2012"]
[Black "evgchess5"]
[Result "0-1"]
[WhiteElo "2637"]
[BlackElo "2861"]
[TimeControl "180+1"]
[EndTime "14:28:31 PDT"]
[Termination "evgchess5 won by checkmate"]

1. d4 Nf6 2. Nc3 d5 3. Bf4 a6 4. e3 Bf5 5. Nf3 e6 6. Ne5 h6 7. Bd3 Bxd3 8. cxd3 Nbd7 9. Qb3 Rb8 10.
Rc1 Bd6 11. Na4 O-O 12. O-O Nh5 13. Nxd7 Nxf4 14. Nxb8 Ne2+ 15. Kh1 Nxc1 16. Rxc1 Qxb8 17. e4 c6 18. e5 Be7 19. f4 f6 20. Nb6 Qe8 21.
g3 g5 22. Rf1 Kh7 23. Qd1 fxe5 24. dxe5 Qg6 25. Nd7 Rf7 26. a4 gxf4 27. gxf4 Qf5 28.
Qf3 c5 29. a5 Rg7 30. b3 h5 31.
Rg1 Rg4 32. Rxg4 hxg4 33. Qg3 Kg6 34. Nf6 Bxf6 35. exf6 Kxf6 36. Qh4+ Kf7 37. Qh8 Qxd3 38. Qc8 Qf1# 0-1

[Event "Late-Titled-Tuesday-Blitz-July-09-2024"]
[Site "Chess.com"]
[Date "2024.07.09"]
[Round "3"]
[White "JunjiCol"]
[Black "Boundless_Strike"]
[Result "1/2-1/2"]
[WhiteElo "2435"]
[BlackElo "2799"]
[TimeControl "180+1"]
[EndTime "14:28:31 PDT"]
[Termination "Game drawn - insufficient material"]

1. e4 e5 2. Bc4 Nf6 3. d4 d5 4. dxe5 dxc4 5. Qxd8+ Kxd8 6. exf6 gxf6 7. Bf4 Be6 8. Nc3 c6 9. O-O-O+ Kc8 10. Nf3 Nd7 11. Rhe1 Rg8 12. Bg3 Bb4 13. Nd4 Bxc3 14. bxc3 Re8 15.
h3 a5 16. f4 Nc5 17. f5 Bd7 18. e5 fxe5 19. Bxe5 b5 20. Re3 f6 21. Bf4 Rxe3 22.
Bxe3 Ne4 23. Re1 Nxc3 24. Bh6 Nd5 25. g4 Kc7 26. h4 Re8 27. Rxe8 Bxe8 28. g5 Kd6 29. Bg7 Ke5 30. gxf6 Bf7 31. Ne6 Kxf5 32. Nd8 Bh5 33. Nxc6 Nxf6 34. Nd4+ Kg6 35. Bh8 b4 36. Nc6 Nd5 37. Nxa5 Kf5 38. Nxc4 Kg4 39. a4 bxa3 40. Nxa3 Kxh4 41. c4 Nb4 42. Nb5 Bf3 43. Nd4 Kg4 44.
Bf6 h5 45. Nxf3 Kxf3 46. Kb2 Ke4 47. Kc3 Nc6 48. Bh4 Kf4 49. c5 Kg4 50. Be1 h4 51.
Bxh4 Kxh4 52. Kc4 Kg4 53. Kd5 Nb4+ 54. Kd6 Kf4 55. c6 Nxc6 1/2-1/2